TOP OF THE 1ST |
Bishop Gorman HS Balbasaurs batting - Pitching for H.H. Dow HS Chargers : RHP James West
|
Pitching: RHP James West
|
|
Batting: RHB Lynwood Bryant
|
0-0: Called Strike 0-1: Ball 1-1: Foul Ball, location: 2F 1-2: Ground out 5-3 (Groundball, 56S)
|
Batting: RHB Júlio García
|
0-0: Called Strike 0-1: Hit by Pitch
|
Batting: LHB Daniel Smith
|
0-0: Called Strike 0-1: Ball 1-1: Ball 2-1: Foul Ball, location: 2F 2-2: Ball 3-2: Base on Balls Júlio García to second
|
Batting: RHB Alan Stephens
|
0-0: Ball 1-0: Reached on error, E7 (Line Drive, 7) Júlio García to third Daniel Smith to second
|
Batting: SHB Cisco Moreno
|
0-0: Ball 1-0: Foul Ball, location: 2F 1-1: Swinging Strike 1-2: Ball 2-2: Strikes out looking
|
Batting: RHB Michael Sanford
|
0-0: SINGLE (Line Drive, 6D) Júlio García scores Daniel Smith to third Alan Stephens to second Runner from 3rd tries for Home, SAFE, throw made home
|
Batting: RHB William Young
|
0-0: Fly out, F4 (Line Drive, 4M)
|
Top of the 1st over - 2 runs, 1 hit, 1 error, 2 left on base; Bishop Gorman HS 2 - H.H. Dow HS 0 |
BOTTOM OF THE 1ST |
H.H. Dow HS Chargers batting - Pitching for Bishop Gorman HS Balbasaurs : RHP Steve Brown
|
Pitching: RHP Steve Brown
|
|
Batting: SHB Bob Erwin
|
0-0: Ball 1-0: SINGLE (Groundball, P) (infield hit)
|
Batting: LHB César Martínez
|
0-0: Foul Ball, location: 2F 0-1: Ball 1-1: Ball 2-1: Fly out, F8 (Flyball, 8LD)
|
Batting: RHB Don Bailey
|
0-0: Ball 1-0: Fly out, F7 (Flyball, 7S)
|
Batting: RHB Daniel Webb
|
0-0: SINGLE (Groundball, 34D) Bob Erwin to second Bob Erwin to third
|
Batting: RHB Lee Kestle
|
0-0: Called Strike 0-1: Called Strike 0-2: Ball 1-2: Strikes out looking
|
Bottom of the 1st over - 0 runs, 2 hits, 0 errors, 2 left on base; Bishop Gorman HS 2 - H.H. Dow HS 0 |
TOP OF THE 2ND |
Bishop Gorman HS Balbasaurs batting - Pitching for H.H. Dow HS Chargers : RHP James West
|
Batting: RHB River Oliver
|
0-0: Ball 1-0: Called Strike 1-1: Ball 2-1: Ball 3-1: Foul Ball, location: 2F 3-2: Base on Balls
|
Batting: LHB Michel Gélinas
|
0-0: Called Strike 0-1: Ball 1-1: Ball 2-1: Ball 3-1: Foul Ball, location: 2F 3-2: SINGLE (Groundball, 34D) River Oliver to second Throwing error, E9 River Oliver scores Michel Gélinas to second
|
Batting: RHB Lynwood Bryant
|
0-0: Ball 1-0: Ball 2-0: Called Strike 2-1: Foul Ball, location: 2F 2-2: Strikes out looking
|
Batting: RHB Júlio García
|
0-0: Ball Throwing error on steal attempt, E2 Michel Gélinas scores 1-0: Ball 2-0: Ball 3-0: Called Strike 3-1: SINGLE (Line Drive, 7S)
|
Batting: LHB Daniel Smith
|
0-0: Ball 1-0: Ball 2-0: Called Strike 2-1: Swinging Strike 2-2: Ball 3-2: Foul Ball, location: 2F 3-2: Base on Balls Júlio García to second
|
Batting: RHB Alan Stephens
|
0-0: Ball Passed Ball! Júlio García to third Daniel Smith to second 1-0: Ball 2-0: Swinging Strike 2-1: Foul Ball, location: 2F 2-2: 3-RUN HOME RUN (Flyball, 78XD), Distance : 432 ft
|
Batting: SHB Cisco Moreno
|
0-0: Fly out, F7 (Flyball, 78S)
|
Batting: RHB Michael Sanford
|
0-0: Ball 1-0: Foul Ball, location: 2F 1-1: Foul Ball, location: 2F 1-2: Ball 2-2: SINGLE (Line Drive, 3)
|
Batting: RHB William Young
|
0-0: Ball Wild Pitch! Michael Sanford to second 1-0: Ball 2-0: Ball 3-0: Called Strike 3-1: Swinging Strike 3-2: Strikes out swinging
|
Top of the 2nd over - 5 runs, 4 hits, 2 errors, 1 left on base; Bishop Gorman HS 7 - H.H. Dow HS 0 |
BOTTOM OF THE 2ND |
H.H. Dow HS Chargers batting - Pitching for Bishop Gorman HS Balbasaurs : RHP Steve Brown
|
Batting: RHB Edward Baker
|
0-0: Ball 1-0: Fly out, F7 (Line Drive, 7)
|
Batting: RHB Dave Carter
|
0-0: Ball 1-0: Swinging Strike 1-1: Ball 2-1: Foul Ball, location: 2F 2-2: SINGLE (Line Drive, 34D)
|
Batting: SHB Pete Thomas
|
0-0: Swinging Strike 0-1: Foul Ball, location: 2F 0-2: Ball 1-2: Strikes out looking
|
Batting: RHB Dave Jackson
|
0-0: Called Strike 0-1: Foul Ball, location: 2F 0-2: Hit by Pitch Dave Carter to second
|
Pinch Runner at 1st John Hughes:
|
|
Batting: SHB Bob Erwin
|
0-0: Called Strike 0-1: Ball 1-1: Ball 2-1: Foul Ball, location: 2F 2-2: Strikes out swinging
|
Bottom of the 2nd over - 0 runs, 1 hit, 0 errors, 2 left on base; Bishop Gorman HS 7 - H.H. Dow HS 0 |
TOP OF THE 3RD |
Bishop Gorman HS Balbasaurs batting - Pitching for H.H. Dow HS Chargers : RHP James West
|
Now in LF: John Hughes
|
|
Batting: RHB River Oliver
|
0-0: Called Strike 0-1: Ball 1-1: Ball 2-1: Swinging Strike 2-2: Ball 3-2: Base on Balls
|
Pitching: RHP Jeremy Wilson
|
|
Batting: LHB Michel Gélinas
|
0-0: Ball 1-0: SINGLE (Groundball, 56D) River Oliver to second
|
Batting: RHB Lynwood Bryant
|
Pickoff Throw to Second - Error! E1 River Oliver to third Michel Gélinas to second 0-0: Ball 1-0: Called Strike 1-1: Ball 2-1: SINGLE (Line Drive, 4MD) River Oliver scores Michel Gélinas to third Runner from 3rd tries for Home, SAFE, no throw
|
Batting: RHB Júlio García
|
0-0: Foul Ball, location: 2F 0-1: Ball 1-1: Fly out, F9 (Flyball, 9S)
|
Batting: LHB Daniel Smith
|
0-0: Ball 1-0: Ball 2-0: Called Strike 2-1: Ball 3-1: Fly out, F7 (Flyball, 7D)
|
Batting: RHB Alan Stephens
|
0-0: Called Strike 0-1: Fly out, F7 (Flyball, 7S)
|
Top of the 3rd over - 2 runs, 2 hits, 1 error, 1 left on base; Bishop Gorman HS 9 - H.H. Dow HS 0 |
BOTTOM OF THE 3RD |
H.H. Dow HS Chargers batting - Pitching for Bishop Gorman HS Balbasaurs : RHP Steve Brown
|
Batting: LHB César Martínez
|
0-0: Foul Ball, location: 2F 0-1: Fly out, F7 (Line Drive, 7S)
|
Batting: RHB Don Bailey
|
0-0: Foul Ball, location: 2F 0-1: Ball 1-1: Called Strike 1-2: Foul Ball, location: 2F 1-2: SINGLE (Groundball, 6MD)
|
Batting: RHB Daniel Webb
|
0-0: Ball 1-0: Swinging Strike 1-1: SINGLE (Line Drive, 89S) Don Bailey to second
|
Batting: RHB Lee Kestle
|
0-0: Swinging Strike 0-1: Ball 1-1: Foul Ball, location: 2F 1-2: Ball 2-2: Fly out, F9 (Flyball, 9)
|
Batting: RHB Edward Baker
|
0-0: Ball 1-0: Foul Ball, location: 2F 1-1: Swinging Strike 1-2: Foul Ball, location: 2F 1-2: Ball 2-2: Strikes out looking
|
Bottom of the 3rd over - 0 runs, 2 hits, 0 errors, 2 left on base; Bishop Gorman HS 9 - H.H. Dow HS 0 |
TOP OF THE 4TH |
Bishop Gorman HS Balbasaurs batting - Pitching for H.H. Dow HS Chargers : RHP Jeremy Wilson
|
Batting: SHB Cisco Moreno
|
0-0: Ball 1-0: Foul Ball, location: 2F 1-1: SINGLE (Groundball, 34D)
|
Batting: RHB Michael Sanford
|
0-0: Called Strike 0-1: Ball 1-1: Called Strike 1-2: Ball 2-2: Strikes out swinging
|
Batting: RHB William Young
|
0-0: Foul Ball, location: 2F 0-1: Ball Wild Pitch! Cisco Moreno to second 1-1: Swinging Strike 1-2: Ball 2-2: Foul Ball, location: 2F 2-2: Foul Ball, location: 2F 2-2: Ground out 4-3 (Groundball, 34) Cisco Moreno to third
|
Batting: RHB River Oliver
|
0-0: Ball 1-0: Called Strike 1-1: Reached on error, E5 (Groundball, 5S) Cisco Moreno scores
|
Batting: LHB Michel Gélinas
|
0-0: Ball River Oliver steals 2nd base 1-0: Foul Ball, location: 2F 1-1: Called Strike 1-2: Strikes out swinging
|
Top of the 4th over - 1 run, 1 hit, 1 error, 1 left on base; Bishop Gorman HS 10 - H.H. Dow HS 0 |
BOTTOM OF THE 4TH |
H.H. Dow HS Chargers batting - Pitching for Bishop Gorman HS Balbasaurs : RHP Steve Brown
|
Batting: RHB Dave Carter
|
0-0: Ball 1-0: Ball 2-0: Ball 3-0: Base on Balls
|
Batting: SHB Pete Thomas
|
0-0: Called Strike 0-1: Ball 1-1: Ball 2-1: Foul Ball, location: 2F 2-2: Ball 3-2: Strikes out swinging
|
Batting: RHB John Hughes
|
0-0: Swinging Strike 0-1: 2-RUN HOME RUN (Flyball, 7LD), Distance : 360 ft
|
Batting: SHB Bob Erwin
|
0-0: Ball 1-0: Ball 2-0: Foul Ball, location: 2F 2-1: Fly out, F3 (Line Drive, 3)
|
Batting: LHB César Martínez
|
0-0: Foul Ball, location: 2F 0-1: Ball 1-1: Ball 2-1: Ball 3-1: Foul Ball, location: 2F 3-2: Foul Ball, location: 2F 3-2: Base on Balls
|
Batting: RHB Don Bailey
|
0-0: Ball 1-0: Called Strike 1-1: Ball 2-1: Ball 3-1: Base on Balls César Martínez to second
|
Pitching: RHP António Santiago
|
|
Batting: RHB Daniel Webb
|
0-0: Ball 1-0: Ball 2-0: Swinging Strike 2-1: Ball 3-1: Base on Balls César Martínez to third Don Bailey to second
|
Batting: RHB Lee Kestle
|
0-0: SINGLE (Flyball, 89M) César Martínez scores Don Bailey to third Daniel Webb to second
|
Batting: RHB Edward Baker
|
0-0: Ball 1-0: Ball 2-0: Ball 3-0: Called Strike 3-1: Base on Balls Don Bailey scores Daniel Webb to third Lee Kestle to second
|
Batting: RHB Dave Carter
|
0-0: Called Strike 0-1: Fly out, F6 (Popup, 4MS)
|
Bottom of the 4th over - 4 runs, 2 hits, 0 errors, 3 left on base; Bishop Gorman HS 10 - H.H. Dow HS 4 |
TOP OF THE 5TH |
Bishop Gorman HS Balbasaurs batting - Pitching for H.H. Dow HS Chargers : RHP Jeremy Wilson
|
Batting: RHB Lynwood Bryant
|
0-0: Ball 1-0: SOLO HOME RUN (Flyball, 7D), Distance : 393 ft
|
Batting: RHB Júlio García
|
0-0: Ball 1-0: Called Strike 1-1: Foul Ball, location: 2F 1-2: Ball 2-2: Hit by Pitch
|
Pinch Runner at 1st Robert Reeves Jr.:
|
|
Batting: LHB Daniel Smith
|
0-0: Ball 1-0: SINGLE (Groundball, 2L) (infield hit) Robert Reeves Jr. to second
|
Batting: RHB Alan Stephens
|
0-0: Ball 1-0: Foul Ball, location: 2F 1-1: Ball 2-1: Fly out, F8 (Flyball, 8LD)
|
Batting: SHB Cisco Moreno
|
0-0: Foul Ball, location: 2F 0-1: Ball 1-1: SINGLE (Groundball, 56S) (infield hit) Robert Reeves Jr. to third Daniel Smith to second
|
Batting: RHB Michael Sanford
|
0-0: Ball 1-0: Fielders Choice at 2nd, 3-6 (Groundball, 34) Robert Reeves Jr. scores Daniel Smith to third
|
Batting: RHB William Young
|
0-0: Swinging Strike 0-1: Ball 1-1: Ball 2-1: Foul Ball, location: 2F 2-2: Ground out 6-3 (Groundball, 6S)
|
Top of the 5th over - 2 runs, 3 hits, 0 errors, 2 left on base; Bishop Gorman HS 12 - H.H. Dow HS 4 |
BOTTOM OF THE 5TH |
H.H. Dow HS Chargers batting - Pitching for Bishop Gorman HS Balbasaurs : RHP António Santiago
|
Now at 1B: Robert Reeves Jr.
|
|
Batting: SHB Pete Thomas
|
0-0: Called Strike 0-1: Foul Ball, location: 2F 0-2: Foul Ball, location: 2F 0-2: Ball 1-2: Ball 2-2: Strikes out swinging
|
Batting: RHB John Hughes
|
0-0: Ball 1-0: Ball 2-0: Foul Ball, location: 2F 2-1: Foul Ball, location: 2F 2-2: Ground out 5-3 (Groundball, 56S)
|
Batting: SHB Bob Erwin
|
0-0: Ball 1-0: Ground out 4-3 (Groundball, 4)
|
Bottom of the 5th over - 0 runs, 0 hits, 0 errors, 0 left on base; Bishop Gorman HS 12 - H.H. Dow HS 4 |
TOP OF THE 6TH |
Bishop Gorman HS Balbasaurs batting - Pitching for H.H. Dow HS Chargers : RHP Jeremy Wilson
|
Batting: RHB River Oliver
|
0-0: Ball 1-0: Called Strike 1-1: Foul Ball, location: 2F 1-2: Foul Ball, location: 2F 1-2: Ball 2-2: Ball 3-2: Base on Balls
|
Pitching: LHP Jason O'Quinn
|
|
Batting: LHB Michel Gélinas
|
0-0: Ball 1-0: Fly out, F2 (Popup, 15S)
|
Batting: RHB Lynwood Bryant
|
0-0: Foul Ball, location: 2F 0-1: Ball 1-1: Called Strike 1-2: Fielders Choice at 2nd, 6-4 (Groundball, 6)
|
Batting: LHB Robert Reeves Jr.
|
0-0: Ball Lynwood Bryant steals 2nd base 1-0: Called Strike 1-1: SINGLE (Groundball, 6M) (infield hit) Lynwood Bryant to third
|
Batting: LHB Daniel Smith
|
0-0: Called Strike 0-1: Ball 1-1: Fielders Choice at 2nd, 6-4 (Groundball, 6)
|
Top of the 6th over - 0 runs, 1 hit, 0 errors, 2 left on base; Bishop Gorman HS 12 - H.H. Dow HS 4 |
BOTTOM OF THE 6TH |
H.H. Dow HS Chargers batting - Pitching for Bishop Gorman HS Balbasaurs : RHP António Santiago
|
Batting: LHB César Martínez
|
0-0: Ball 1-0: Fly out, F4 (Popup, 4D)
|
Batting: RHB Don Bailey
|
0-0: Foul Ball, location: 2F 0-1: Ball 1-1: Foul Ball, location: 2F 1-2: Ball 2-2: Ball 3-2: Fly out, F8 (Flyball, 78M)
|
Batting: RHB Daniel Webb
|
0-0: Called Strike 0-1: Swinging Strike 0-2: Strikes out swinging
|
Bottom of the 6th over - 0 runs, 0 hits, 0 errors, 0 left on base; Bishop Gorman HS 12 - H.H. Dow HS 4 |
TOP OF THE 7TH |
Bishop Gorman HS Balbasaurs batting - Pitching for H.H. Dow HS Chargers : LHP Jason O'Quinn
|
Batting: RHB Alan Stephens
|
0-0: Ball 1-0: Called Strike 1-1: Ball 2-1: Foul Ball, location: 2F 2-2: Ball 3-2: Base on Balls
|
Batting: SHB Cisco Moreno
|
0-0: Called Strike 0-1: Ball 1-1: Ball 2-1: Ball 3-1: SINGLE (Line Drive, 8LM) Alan Stephens to second
|
Batting: RHB Michael Sanford
|
0-0: Foul Ball, location: 2F 0-1: Ball 1-1: Called Strike 1-2: Ball 2-2: Foul Ball, location: 2F 2-2: Strikes out looking
|
Batting: RHB William Young
|
0-0: SINGLE (Flyball, 9S) Alan Stephens to third Cisco Moreno to second Runner from 3rd tries for Home, SAFE, no throw
|
Batting: RHB River Oliver
|
0-0: SINGLE (Groundball, 6MS) (infield hit) Cisco Moreno to third William Young to second
|
Batting: LHB Michel Gélinas
|
0-0: Ball 1-0: DOUBLE (Line Drive, 89D) Cisco Moreno scores William Young scores River Oliver to third
|
Batting: RHB Lynwood Bryant
|
0-0: Foul Ball, location: 2F 0-1: Called Strike 0-2: Ground out 5-3 (Groundball, 56S) River Oliver scores Michel Gélinas to third
|
Batting: LHB Robert Reeves Jr.
|
0-0: Called Strike 0-1: Swinging Strike 0-2: Foul Ball, location: 2F 0-2: Strikes out swinging, 2-3 out at first.
|
Top of the 7th over - 4 runs, 4 hits, 0 errors, 1 left on base; Bishop Gorman HS 16 - H.H. Dow HS 4 |
BOTTOM OF THE 7TH |
H.H. Dow HS Chargers batting - Pitching for Bishop Gorman HS Balbasaurs : RHP António Santiago
|
Batting: RHB Lee Kestle
|
0-0: Called Strike 0-1: Foul Ball, location: 2F 0-2: Ball 1-2: Strikes out swinging
|
Batting: RHB Edward Baker
|
0-0: Ball 1-0: Ball 2-0: Called Strike 2-1: Ball 3-1: Base on Balls
|
Batting: RHB Dave Carter
|
0-0: Ball 1-0: Ball 2-0: Called Strike 2-1: Ball 3-1: SINGLE (Groundball, 3S) (infield hit) Edward Baker to second
|
Batting: SHB Pete Thomas
|
0-0: Reached on error, E1 (Groundball, 13S) Edward Baker to third Dave Carter to second
|
Batting: RHB John Hughes
|
0-0: Called Strike 0-1: Ball 1-1: SINGLE (Flyball, 78M) Edward Baker scores Dave Carter to third Pete Thomas to second
|
Batting: SHB Bob Erwin
|
0-0: Called Strike 0-1: SINGLE (Line Drive, 78S) Dave Carter scores Pete Thomas to third John Hughes to second
|
Batting: LHB César Martínez
|
0-0: Ball 1-0: Swinging Strike 1-1: Ball 2-1: Ball 3-1: Called Strike 3-2: Strikes out looking
|
Batting: RHB Don Bailey
|
0-0: Ball 1-0: GRAND SLAM HOME RUN (Flyball, 7D), Distance : 394 ft
|
Pitching: RHP Mike Peters
|
|
Batting: RHB Daniel Webb
|
0-0: Foul Ball, location: 2F 0-1: Called Strike 0-2: SOLO HOME RUN (Flyball, 9LD), Distance : 361 ft
|
Batting: RHB Lee Kestle
|
0-0: Ball 1-0: Called Strike 1-1: DOUBLE (Line Drive, 9LM)
|
Batting: RHB Edward Baker
|
0-0: Foul Ball, location: 2F 0-1: DOUBLE (Groundball, 5L) Lee Kestle scores
|
Pitching: RHP Max Marsh
|
|
Batting: RHB Dave Carter
|
0-0: Ball 1-0: Ball 2-0: Swinging Strike 2-1: Ball 3-1: Base on Balls
|
Batting: SHB Pete Thomas
|
0-0: Ball 1-0: Fielders Choice at 2nd, U4 (Groundball, 4M)
|
Bottom of the 7th over - 8 runs, 7 hits, 1 error, 2 left on base; Bishop Gorman HS 16 - H.H. Dow HS 12 |
TOP OF THE 8TH |
Bishop Gorman HS Balbasaurs batting - Pitching for H.H. Dow HS Chargers : LHP Jason O'Quinn
|
Pitching: RHP Alberto Gonzáles
|
|
Batting: LHB Daniel Smith
|
0-0: Ball 1-0: Foul Ball, location: 2F 1-1: Ball 2-1: Swinging Strike 2-2: Ball 3-2: Strikes out looking
|
Batting: RHB Alan Stephens
|
0-0: Ball 1-0: Fly out, F6 (Popup, 15)
|
Batting: SHB Cisco Moreno
|
0-0: Called Strike 0-1: Swinging Strike 0-2: Strikes out looking
|
Top of the 8th over - 0 runs, 0 hits, 0 errors, 0 left on base; Bishop Gorman HS 16 - H.H. Dow HS 12 |
BOTTOM OF THE 8TH |
H.H. Dow HS Chargers batting - Pitching for Bishop Gorman HS Balbasaurs : RHP Max Marsh
|
Batting: RHB John Hughes
|
0-0: Called Strike 0-1: Called Strike 0-2: Strikes out swinging
|
Batting: SHB Bob Erwin
|
0-0: Ball 1-0: Foul Ball, location: 2F 1-1: Foul Ball, location: 2F 1-2: Ball 2-2: Foul Ball, location: 2F 2-2: Fly out, F9 (Line Drive, 9LM)
|
Batting: LHB César Martínez
|
0-0: Ball 1-0: Ball 2-0: Ball 3-0: Foul Ball, location: 2F 3-1: Base on Balls
|
Batting: RHB Don Bailey
|
0-0: SINGLE (Line Drive, 78S) César Martínez to second
|
Batting: RHB Daniel Webb
|
0-0: Ball 1-0: Fielders Choice at 2nd, 5-4 (Groundball, 56)
|
Bottom of the 8th over - 0 runs, 1 hit, 0 errors, 2 left on base; Bishop Gorman HS 16 - H.H. Dow HS 12 |
TOP OF THE 9TH |
Bishop Gorman HS Balbasaurs batting - Pitching for H.H. Dow HS Chargers : RHP Alberto Gonzáles
|
Pitching: LHP Esteban Quintana
|
|
Batting: RHB Michael Sanford
|
0-0: Ball 1-0: Ball 2-0: Called Strike 2-1: Fly out, F9 (Flyball, 9LS)
|
Batting: RHB William Young
|
0-0: Foul Ball, location: 2F 0-1: SINGLE (Flyball, 9S)
|
Batting: RHB River Oliver
|
0-0: Ball 1-0: Ball 2-0: Ball 3-0: Base on Balls William Young to second
|
Batting: LHB Michel Gélinas
|
0-0: Ball 1-0: Fly out, F6 (Flyball, 6D)
|
Batting: RHB Lynwood Bryant
|
0-0: Fly out, F9 (Flyball, 9)
|
Top of the 9th over - 0 runs, 1 hit, 0 errors, 2 left on base; Bishop Gorman HS 16 - H.H. Dow HS 12 |
BOTTOM OF THE 9TH |
H.H. Dow HS Chargers batting - Pitching for Bishop Gorman HS Balbasaurs : RHP Max Marsh
|
Batting: RHB Lee Kestle
|
0-0: Called Strike 0-1: Called Strike 0-2: Fly out, F8 (Flyball, 8RD)
|
Batting: RHB Edward Baker
|
0-0: Ball 1-0: Foul Ball, location: 2F 1-1: Foul Ball, location: 2F 1-2: Strikes out swinging
|
Batting: RHB Dave Carter
|
0-0: Ball 1-0: SINGLE (Groundball, 4) (infield hit)
|
Batting: SHB Pete Thomas
|
0-0: Swinging Strike 0-1: Ball 1-1: Called Strike 1-2: Foul Ball, location: 2F 1-2: Foul Ball, location: 2F 1-2: Strikes out swinging
|
Bottom of the 9th over - 0 runs, 1 hit, 0 errors, 1 left on base; Bishop Gorman HS 16 - H.H. Dow HS 12 |
|